 Dungeon Crawl Stone Soup version 0.17.2-1-ge4368a0 (webtiles) character file.

130081 hurricos the Shatterer (level 17, -4/182 HPs)
             Began as an Ogre Warper on July 2, 2018.
             Was the Champion of the Shining One.
             Killed from afar by a deep elf annihilator (76 damage)
             ... with a crystal spear
             ... on level 3 of the Elven Halls on July 4, 2018.
             The game lasted 01:01:20 (28070 turns).

hurricos the Shatterer (Ogre Warper)               Turns: 28070, Time: 01:01:20

Health: -4/182     AC: 11    Str: 22    XL:     17   Next: 7%
Magic:  26/26      EV: 14    Int: 16    God:    the Shining One [******]
Gold:   2544       SH:  0    Dex: 17    Spells: 6 memorised, 16 levels left

rFire  + + +     SeeInvis .     a - +5 giant spiked club of Execution {elec, Dex+2}
rCold  + . .     Clarity  .     X - +0 fire dragon armour
rNeg   + + +     SustAt   .     (shield currently unavailable)
rPois  .         Gourm    .     (helmet restricted)
rElec  +         Spirit   .     k - +2 cloak
rCorr  .         Warding  .     (gloves unavailable)
rMut   .         Stasis   .     (boots unavailable)
MR     +....                    w - amulet of regeneration
Stlth  ..........               s - ring of protection from cold
                                F - ring "Enuickol" {+Blink rElec rF+ Int+3}

@: lethally poisoned (-4 -> -4), corroded equipment, glowing, somewhat resistant
to hostile enchantments, extremely unstealthy
A: unfitting armour, agile 1, blink, blurry vision 1, cold resistance 1, strong
1, tough skin 1, wild magic 1
a: Blink, Divine Shield, Cleansing Flame, Summon Divine Warrior, Brand Weapon
With Holy Wrath, Renounce Religion, Evoke Blink


You were on level 3 of the Elven Halls.
You worshipped the Shining One.
The Shining One was exalted by your worship.
You were full.

You visited 5 branches of the dungeon, and saw 31 of its levels.
You visited 1 bazaar.
You also visited: Ice Cave.

You collected 3263 gold pieces.
You spent 719 gold pieces at shops.

Inventory:

Hand Weapons
 a - the +5 giant spiked club of Execution (weapon) {elec, Dex+2}
   (You acquired it on level 11 of the Dungeon)

   Occasionally, upon striking a foe, it will discharge some electrical energy
   and cause terrible harm.
   It affects your dexterity (+2).
 b - a +1 giant spiked club
Missiles
 g - 4 javelins
 m - 55 tomahawks
 q - 2 throwing nets
 H - 21 poisoned needles
 O - 5 large rocks (quivered)
Armour
 k - a +2 cloak (worn)
 X - a +0 fire dragon armour (worn)
Jewellery
 e - an uncursed ring of wizardry
 s - a ring of protection from cold (right hand)
 v - an uncursed ring of sustain attributes
 w - an amulet of regeneration (around neck)
 D - an uncursed ring of ice
 F - the ring "Enuickol" (left hand) {+Blink rElec rF+ Int+3}
   (You bought it in a shop on level 1 of the Elven Halls)

   [ring of intelligence]

   It affects your intelligence (+3).
   It protects you from fire.
   It insulates you from electricity.
   It lets you blink.
 G - an uncursed ring of fire
 L - an uncursed ring of protection from magic
Wands
 h - a wand of disintegration (8)
 n - a wand of disintegration (8)
 x - a wand of magic darts (22)
 z - a wand of digging (7)
 I - a wand of lightning (11)
 P - a wand of heal wounds (6)
 Q - a wand of paralysis (12)
 U - a wand of cold (6)
Scrolls
 d - 3 scrolls of blinking
 j - a scroll of summoning
 o - 15 scrolls of remove curse
 p - 6 scrolls of teleportation
 t - 3 scrolls of magic mapping
 E - 5 scrolls of enchant armour
 J - 6 scrolls of fog
 R - 2 scrolls of recharging
 T - 2 scrolls of amnesia
 W - 12 scrolls of identify
 Z - 5 scrolls of fear
Potions
 l - a potion of berserk rage
 A - 8 potions of curing
 B - 2 potions of magic
 C - 8 potions of brilliance
 M - a potion of flight
 V - a potion of haste
 Y - 2 potions of heal wounds
Books
 c - a book of Spatial Translocations

   Spells                             Type                      Level
   a - Apportation                    Translocation                1
   b - Blink                          Translocation                2
   c - Shroud of Golubria             Charms/Translocation         2
   d - Portal Projectile              Translocation                3
   e - Teleport Other                 Translocation                3
   f - Passage of Golubria            Translocation                4
 f - a book of Frost

   Spells                             Type                      Level
   a - Freeze                         Ice                          1
   b - Throw Frost                    Conjuration/Ice              2
   c - Ozocubu's Armour               Charms/Ice                   3
   d - Throw Icicle                   Conjuration/Ice              4
   e - Summon Ice Beast               Ice/Summoning                4
   f - Condensation Shield            Ice                          4
 N - a book of Enchantments

   Spells                             Type                      Level
   a - Cause Fear                     Hexes                        4
   b - Silence                        Hexes/Air                    5
   c - Deflect Missiles               Charms/Air                   6
   d - Haste                          Charms                       6
   e - Discord                        Hexes                        8
 S - a book of the Warp

   Spells                             Type                      Level
   a - Recall                         Summoning/Translocation      3
   b - Gell's Gravitas                Hexes/Translocation          3
   c - Force Lance                    Conjuration/Translocation    4
   d - Phase Shift                    Translocation                5
   e - Warp Weapon                    Charms/Translocation         5
   f - Summon Forest                  Summoning/Translocation      5
Comestibles
 i - 4 meat rations
 r - 19 bread rations
 u - 8 fruits
 K - 5 beef jerkies


   Skills:
 + Level 14.8 Fighting
 * Level 22.5 Maces & Flails
 + Level 9.1 Throwing
 + Level 8.0 Armour
 + Level 11.0 Dodging
 + Level 6.6 Spellcasting
 + Level 4.2 Translocations
 + Level 9.5 Invocations


You had 16 spell levels left.
You knew the following spells:

 Your Spells              Type           Power        Failure   Level  Hunger
a - Apportation           Tloc           ####......   19%         1    None
b - Blink                 Tloc           N/A          22%         2    None
c - Shroud of Golubria    Chrm/Tloc      ###.......   38%         2    None
h - Passage of Golubria   Tloc           N/A          86%         4    ####...
n - Portal Projectile     Tloc           ####..       34%         3    ##.....
Z - Summon Butterflies    Summ           #.......     54%         1    None


Dungeon Overview and Level Annotations

Branches:
Dungeon (15/15)            Temple (1/1) D:4            Lair (8/8) D:10
 Shoals (0/4) Lair:3       Spider (0/4) Lair:6        Slime (0/6) Lair:6
    Orc (4/4) D:12            Elf (3/3) Orc:3        Vaults (0/5) D:13
 Depths (0/5) D:15

Altars:
Ashenzari
Cheibriados
Dithmenos
Elyvilon
Fedhas
Gozag
Kikubaaqudgha
Makhleb
Nemelex Xobeh
Okawaru
Qazlal
Ru
Sif Muna
Trog
Vehumet
Xom
Yredelemnul
Zin
The Shining One
Beogh
Jiyva

Shops:
D:9 *   D:14 [*[=   Orc:2 [   Orc:3 =   Orc:4 !}(?   Elf:1 =

Annotations:
Elf:2 5 runed doors


Innate Abilities, Weirdness & Mutations

You are too large for most types of armour.
You have tough skin (AC +1).
You are agile. (Dex +2)
You can translocate small distances at will.
Scrolls take you a little longer to read.
Your flesh is cold resistant.
Your muscles are strong. (Str +2)
Your spells are a little harder to cast, but a little more powerful.


Message History

The crystal spear hits you!
* * * LOW HITPOINT WARNING * * *
Drink which item? (? for menu, Esc to quit)
Okay, then.
Drink which item? (? for menu, Esc to quit)
Okay, then.
Evoke which item? (* to show all) (? for menu, Esc to quit)
Zapping:
P - a wand of heal wounds (7)
Press: ? - help, Shift-Dir - straight line, f - you, p - deep elf annihilator You feel much better.
This wand has 6 charges left.
You feel sick.
The deep elf annihilator barely misses you.
The deep elf annihilator gestures at you while chanting.
The poison arrow misses you.
Read which item? (? for menu, Esc to quit)
Really read with blurry vision while enemies are nearby?
You begin reading the scroll.
You continue reading the scroll.
You feel sick.
The deep elf annihilator gestures at you while chanting.
The crystal spear hits you!
You die...

## **,,,..,,** .#
*#####.......,,** .#
##[|#..........,,, .#
###()##...........,, ##
##\.|##......e......, #
##....#...2..)#**,,,,, #
#.[)e.#..4e.4#* **,,,,
#..ee.#..eee#* **,,,
##ยง##@#..e(e# *,,,
##.).###.4eee#* **,,,
##...).##...eee#* **,,,,
#.......#...4.e.#**,,,,,
**#....)..##...4.e3.,,,,,,
*,#...e...###........e,,,,
*,##.....## #.......ee,,,,
# *,,##...##
#.......3.,,,, #
*,,,###.#******,,,,,,,,,*#


You could see 2 deep elf annihilators and a deep elf death mage.

Vanquished Creatures
  Rupert (Lair:7)
  A deep elf sorcerer (Elf:3)
  Maud (D:14)
  2 deep elf demonologists (Elf:1)
  2 dire elephants (Lair:7)
  4 deep elf annihilators
  A deep elf death mage (Elf:3)
  2 deep elf high priests
  Josephine (D:10)
  A fire dragon (D:15)
  Erolcha (Orc:2)
  4 ogre magi (Orc:4)
  An ice dragon (D:15)
  9 hydras
  2 catoblepae (Lair:8)
  3 centaur warriors
  2 dancing weapons (Elf:2)
  A deep troll shaman (Lair:8)
  7 death yaks
  6 tengu warriors
  An iron troll (D:13)
  5 skeletal warriors
  2 ice devils (IceCv)
  12 deep elf knights
  A necromancer (IceCv)
  14 deep elf summoners
  A lindwurm (Lair:8)
  A wizard (D:13)
  Pikel (D:6)
  4 orc knights
  8 deep elf conjurers
  4 hill giants
  2 oklob plants (Lair:5)
  A wolf spider (Lair:6)
  3 cyclopes
  A griffon (Lair:8)
  A manticore (D:14)
  8 ugly things
  An orc sorcerer (Elf:2)
  4 centaur zombies
  17 elephants
  6 black mambas
  3 ice statues (IceCv)
  8 spiny frogs
  2 gargoyles
  A spiny frog (shapeshifter) (D:15)
  4 fire drakes
  A kobold demonologist (D:12)
  10 komodo dragons
  5 deep elf priests
  A freezing wraith (D:14)
  4 red devils (D:15)
  2 polar bears
  3 trolls (D:15)
  A merfolk (D:12)
  6 slime creatures
  9 blue devils (IceCv)
  15 two-headed ogres (Orc:4)
  A trapdoor spider zombie (D:14)
  A troll (shapeshifter) (Elf:3)
  6 shadows
  Sigmund (D:5)
  20 deep elf magi
  2 wyverns (Lair:8)
  7 hippogriffs
  5 humans (Lair:2)
  5 wraiths
  11 yaks
  A basilisk (D:14)
  14 wolves
  21 deep elf fighters
  2 hungry ghosts
  12 water moccasins
  2 mottled dragons
  14 porcupines
  4 wargs
  4 ice beasts
  A black bear (shapeshifter) (Elf:2)
  A wasp (D:7)
  A slave (D:7)
  23 orc warriors
  An eye of draining (D:11)
  32 ogres
  6 black bears
  A tengu (D:7)
  3 phantoms
  9 centaurs
  11 crocodiles
  18 giant frogs
  A wyvern zombie (D:9)
  3 scorpions
  14 wights
  14 killer bees
  A giant frog zombie (D:6)
  5 jellies
  An electric eel (Lair:6)
  20 orc priests
  2 hounds
  4 draconian simulacra (IceCv)
  A quasit (D:7)
  A centaur skeleton (D:6)
  4 crimson imps
  6 giant frog skeletons
  Ijyb (Lair:2)
  A gnoll shaman (D:7)
  5 iguanas
  19 orc wizards
  3 iron imps (D:3)
  9 worker ants
  A spriggan simulacrum (IceCv)
  14 sheep
  3 troll simulacra (IceCv)
  A killer bee zombie (D:7)
  A hound zombie (D:7)
  A worker ant zombie (D:11)
  5 gnolls
  100 river rats
  9 adders
  6 shadow imps
  2 ogre simulacra (IceCv)
  An ooze (D:2)
  3 adder skeletons (D:6)
  7 worms
  9 giant geckos
  162 orcs
  9 hobgoblins
  19 jackals
  10 kobolds
  4 quokkas
  4 ball pythons
  9 bats
  5 giant cockroaches
  A giant gecko skeleton (D:5)
  2 giant gecko zombies (D:5)
  4 giant newts
  10 goblins
  2 jackal zombies
  A quokka zombie (D:5)
  8 rats
  3 plants
996 creatures vanquished.

Vanquished Creatures (collateral kills)
  A deep elf death mage (Elf:3)
  A shadow wraith (D:13)
  A freezing wraith (D:13)
  A wight (D:13)
  An orc (D:13)
5 creatures vanquished.

Vanquished Creatures (others)
  5 sheep (Lair:7)
  An adder (D:7)
  3 river rats (Lair:6)
  11 fungi
  5 plants
  4 toadstools (D:1)
29 creatures vanquished.

Grand Total: 1030 creatures vanquished

Notes
Turn   | Place    | Note
--------------------------------------------------------------
     0 | D:1      | hurricos the Ogre Warper began the quest for the Orb.
     0 | D:1      | Reached XP level 1. HP: 22/22 MP: 3/3
   178 | D:1      | Reached XP level 2. HP: 19/29 MP: 5/5
   189 | D:1      | Learned a level 2 spell: Blink
   192 | D:1      | Learned a level 2 spell: Shroud of Golubria
   512 | D:1      | Reached skill level 3 in Maces & Flails
   578 | D:1      | Reached XP level 3. HP: 29/36 MP: 6/6
  1283 | D:2      | Reached XP level 4. HP: 32/45 MP: 1/8
  1365 | D:2      | Found a shimmering altar of Xom.
  1546 | D:2      | Found a sacrificial altar of Ru.
  1546 | D:2      | Found a radiant altar of Vehumet.
  2001 | D:3      | Reached XP level 5. HP: 43/53 MP: 9/9
  2131 | D:3      | Found a glowing golden altar of the Shining One.
  2669 | D:3      | Became a worshipper of the Shining One
  2759 | D:3      | Found a burning altar of Makhleb.
  2955 | D:3      | Reached skill level 4 in Maces & Flails
  3083 | D:3      | Learned a level 3 spell: Portal Projectile
  3233 | D:4      | Reached XP level 6. HP: 35/62 MP: 7/11
  3459 | D:4      | Found a staircase to the Ecumenical Temple.
  3545 | Temple   | Entered the Ecumenical Temple
  3986 | D:5      | Entered Level 5 of the Dungeon
  3996 | D:5      | Noticed Sigmund
  4012 | D:4      | Reached skill level 5 in Maces & Flails
  4080 | D:5      | Killed Sigmund
  4080 | D:5      | Reached skill level 7 in Maces & Flails
  4080 | D:5      | Reached XP level 7. HP: 45/70 MP: 12/12
  4456 | D:5      | Reached * piety under the Shining One
  4725 | D:6      | Found a stormy altar of Qazlal.
  4744 | D:6      | Found a blossoming altar of Fedhas.
  4763 | D:6      | Found a white marble altar of Elyvilon.
  4793 | D:6      | Found an ancient bone altar of Kikubaaqudgha.
  4846 | D:6      | Reached skill level 8 in Maces & Flails
  5032 | D:6      | Reached ** piety under the Shining One
  5032 | D:6      | Reached skill level 9 in Maces & Flails
  5307 | D:6      | Reached XP level 8. HP: 76/78 MP: 13/13
  5366 | D:6      | Found a deep blue altar of Sif Muna.
  5534 | D:7      | Reached skill level 1 in Invocations
  5542 | D:7      | Noticed Joseph
  5689 | D:7      | Noticed Joseph
  5689 | D:7      | Joseph changed into Joseph the tengu
  5747 | D:7      | Killed Joseph the tengu
  5766 | D:7      | Reached skill level 5 in Fighting
  5854 | D:7      | Found an opulent altar of Gozag.
  6044 | D:7      | Reached skill level 10 in Maces & Flails
  6144 | D:7      | Reached XP level 9. HP: 68/89 MP: 14/14
  6211 | D:7      | Noticed Pikel
  6516 | D:6      | Killed Pikel
  6516 | D:6      | Reached skill level 11 in Maces & Flails
  6617 | D:7      | Reached skill level 5 in Throwing
  6717 | D:8      | Reached *** piety under the Shining One
  6839 | D:8      | Reached skill level 5 in Dodging
  6849 | D:8      | Reached XP level 10. HP: 66/102 MP: 13/15
  7129 | D:8      | Reached skill level 12 in Maces & Flails
  7150 | D:8      | Reached skill level 5 in Invocations
  7398 | D:8      | Found a shattered altar of Ashenzari.
  7409 | D:8      | Found a snail-covered altar of Cheibriados.
  7921 | D:9      | Learned a level 4 spell: Passage of Golubria
  7997 | D:9      | Found Xygosef's Assorted Antiques.
  8336 | D:10     | Entered Level 10 of the Dungeon
  8400 | D:10     | Reached **** piety under the Shining One
  8414 | D:10     | Noticed Josephine
  8428 | D:10     | Killed Josephine
  8479 | D:10     | Found a staircase to the Lair.
  9204 | D:10     | Reached skill level 13 in Maces & Flails
  9507 | D:10     | Noticed a hill giant
  9516 | D:10     | Killed a hill giant
  9516 | D:10     | Reached XP level 11. HP: 113/113 MP: 4/16
  9798 | D:11     | Identified a scroll of acquirement
  9799 | D:11     | Got a brightly glowing giant spiked club
  9800 | D:11     | Identified the +5 giant spiked club of Execution {elec, Dex+2} (You acquired it on level 11 of the Dungeon)
  9987 | D:11     | Gained mutation: Your muscles are strong. (Str +2) [mutagenic meat]
  9988 | D:11     | Gained mutation: Scrolls take you a little longer to read. [mutagenic meat]
 10250 | D:11     | Noticed a centaur warrior
 10263 | D:11     | Killed a centaur warrior
 10435 | D:11     | Noticed a hill giant
 10444 | D:11     | Killed a hill giant
 10444 | D:11     | Reached skill level 14 in Maces & Flails
 10916 | D:12     | Found a frozen archway.
 10940 | IceCv    | Entered an ice cave
 10963 | IceCv    | Reached ***** piety under the Shining One
 11034 | IceCv    | Noticed an ice devil
 11049 | IceCv    | Killed an ice devil
 11049 | IceCv    | Reached skill level 15 in Maces & Flails
 11381 | IceCv    | Noticed an ice devil
 11535 | IceCv    | Killed an ice devil
 11535 | IceCv    | Reached skill level 16 in Maces & Flails
 11658 | IceCv    | Noticed a necromancer
 11665 | IceCv    | Killed a necromancer
 11665 | IceCv    | Reached XP level 12. HP: 122/122 MP: 17/17
 11742 | IceCv    | Reached skill level 17 in Maces & Flails
 11998 | D:12     | Found a roughly hewn altar of Beogh.
 11998 | D:12     | Found a staircase to the Orcish Mines.
 12131 | D:12     | Reached skill level 1 in Armour
 12325 | D:12     | Noticed a hill giant
 12333 | D:12     | Killed a hill giant
 12550 | D:13     | Noticed a tengu warrior
 12550 | D:13     | Noticed a tengu warrior
 12560 | D:12     | Killed a tengu warrior
 12564 | D:13     | Killed a tengu warrior
 12791 | D:13     | Reached ****** piety under the Shining One
 12967 | D:13     | Found a shadowy altar of Dithmenos.
 12968 | D:13     | Noticed a centaur warrior
 12975 | D:13     | Killed a centaur warrior
 12975 | D:13     | Reached skill level 10 in Fighting
 13077 | D:13     | Noticed a four-headed hydra
 13079 | D:13     | Killed a four-headed hydra
 13103 | D:13     | Reached skill level 18 in Maces & Flails
 13175 | D:13     | Reached XP level 13. HP: 45/135 MP: 10/18
 13474 | D:13     | Found a gate to the Vaults.
 13478 | D:13     | Gained mutation: Your flesh is cold resistant. [potion of mutation]
 13478 | D:13     | Gained mutation: You are agile. (Dex +2) [potion of mutation]
 13478 | D:13     | Gained mutation: You can translocate small distances at will. [potion of mutation]
 13572 | D:14     | Found Qeg Vyf's Assorted Antiques.
 13580 | D:14     | Bought an amethyst potion for 24 gold pieces
 13611 | D:14     | Found Fyxou's Antique Armour Emporium.
 13622 | D:14     | Bought a smoking robe for 171 gold pieces
 13632 | D:14     | Identified the cursed +0 robe "Xutz" {Str+2} (You bought it in a shop on level 14 of the Dungeon)
 13706 | D:14     | Noticed Maud
 13719 | D:14     | Killed Maud
 14030 | D:14     | Found a shimmering altar of Xom.
 14096 | D:14     | Found Ogeikhlu's Jewellery Boutique.
 14311 | D:14     | Reached skill level 19 in Maces & Flails
 14505 | D:14     | Found Banas's Armour Shoppe.
 14818 | D:15     | Entered Level 15 of the Dungeon
 14895 | D:15     | Noticed a centaur warrior
 14904 | D:15     | Killed a centaur warrior
 14954 | D:15     | Reached skill level 5 in Armour
 15206 | D:15     | Reached XP level 14. HP: 77/149 MP: 19/19
 15626 | D:15     | Found a staircase to the Depths.
 16252 | Lair:1   | Entered Level 1 of the Lair of Beasts
 16314 | Lair:1   | Reached skill level 20 in Maces & Flails
 17341 | Lair:2   | Noticed Ijyb
 17373 | Lair:2   | Killed Ijyb
 17716 | Lair:3   | Found a staircase to the Shoals.
 19766 | Lair:6   | Found a hole to the Spider Nest.
 20443 | Lair:6   | Found a viscous altar of Jiyva.
 20443 | Lair:6   | Found a staircase to the Slime Pits.
 20577 | Lair:7   | Noticed Rupert
 20585 | Lair:7   | Killed Rupert
 20585 | Lair:7   | Reached skill level 21 in Maces & Flails
 20585 | Lair:7   | Reached XP level 15. HP: 137/161 MP: 20/20
 20754 | Lair:7   | Identified a +1 rod of inaccuracy (14/14) (You found it on level 7 of the Lair of Beasts)
 20926 | Lair:7   | Found a shimmering altar of Xom.
 21654 | Lair:8   | Entered Level 8 of the Lair of Beasts
 21982 | Lair:8   | Reached skill level 10 in Dodging
 23321 | Orc:1    | Entered Level 1 of the Orcish Mines
 23763 | Orc:2    | Found Kaenocy's Armour Boutique.
 23881 | Orc:2    | Found a roughly hewn altar of Beogh.
 23899 | Orc:2    | Noticed Erolcha
 23905 | Orc:2    | Killed Erolcha
 24164 | Orc:4    | Entered Level 4 of the Orcish Mines
 24467 | Orc:4    | Reached XP level 16. HP: 128/172 MP: 23/23
 24505 | Orc:4    | Found Haicoff's Weapon Shoppe.
 24505 | Orc:4    | Found Tarchun's Distillery.
 24505 | Orc:4    | Found Lint's Magic Scroll Boutique.
 24505 | Orc:4    | Found Sucij's Gadget Shoppe.
 24513 | Orc:4    | Reached skill level 5 in Spellcasting
 24948 | Orc:3    | Found a staircase to the Elven Halls.
 25006 | Orc:3    | Found Jiol's Jewellery Emporium.
 25239 | Elf:1    | Entered Level 1 of the Elven Halls
 25601 | Elf:1    | Reached skill level 22 in Maces & Flails
 25728 | Elf:1    | Found Ejityh's Jewellery Shop.
 25734 | Elf:1    | Bought the ring "Enuickol" {+Blink rElec rF+ Int+3} for 524 gold pieces
 26179 | Elf:1    | Noticed a Brimstone Fiend
 26398 | Elf:1    | Identified the Tome of Creation
 26401 | Elf:1    | Learned a level 1 spell: Summon Butterflies
 26409 | Elf:1    | Noticed a Brimstone Fiend
 27318 | Elf:2    | Found a huge runed gate.
 27318 | Elf:2    | Found a huge runed gate.
 27318 | Elf:2    | Found a huge runed gate.
 27319 | Elf:2    | Found a huge runed gate.
 27321 | Elf:2    | Found a huge runed gate.
 27533 | Elf:3    | Entered Level 3 of the Elven Halls
 27547 | Elf:3    | Found a flickering gateway to a bazaar.
 27565 | Bazaar   | Entered a bazaar
 27565 | Bazaar   | Found Huzusm's Antique Armour Boutique.
 27565 | Bazaar   | Found Kerch's Weapon Shop.
 27565 | Bazaar   | Found Kezupn's Armour Shop.
 27832 | Elf:3    | Gained mutation: Your spells are a little harder to cast, but a little more powerful. [potion of beneficial mutation]
 27837 | Elf:3    | Noticed a deep elf blademaster
 27840 | Elf:3    | Noticed a deep elf master archer
 27852 | Elf:3    | Noticed a deep elf blademaster
 27866 | Elf:3    | Reached XP level 17. HP: 67/182 MP: 18/26
 28070 | Elf:3    | Killed from afar by a deep elf annihilator

Action                   |  1- 3 |  4- 6 |  7- 9 | 10-12 | 13-15 | 16-18 || total
-------------------------+-------+-------+-------+-------+-------+-------++-------
Melee: Mace              |   104 |   117 |       |       |       |       ||   221
       Dagger            |    11 |       |       |       |       |       ||    11
       Great mace        |       |   124 |   298 |   180 |       |       ||   602
       Giant spiked club |       |       |       |   274 |   875 |   330 ||  1479
Throw: Tomahawk          |       |    14 |    15 |     2 |     1 |       ||    32
       Large rock        |       |       |     3 |    28 |    35 |    63 ||   129
 Cast: Shroud of Golubri |     6 |    15 |     5 |     4 |       |       ||    30
       Blink             |       |     1 |     3 |     4 |     8 |       ||    16
       Portal Projectile |       |       |     3 |     3 |     3 |     7 ||    16
Invok: Cleansing Flame   |       |       |       |     3 |       |       ||     3
       Divine Shield     |       |       |       |     1 |       |       ||     1
       Summon Divine War |       |       |       |     1 |       |     1 ||     2
Evoke: Wand              |       |     2 |     9 |       |     6 |     8 ||    25
  Use: Potion            |     1 |     1 |     4 |     3 |     4 |     6 ||    19
       Scroll            |       |     7 |     4 |    16 |    10 |    11 ||    48
 Stab: Sleeping          |     1 |     1 |       |       |       |       ||     2
       Held in net/web   |       |       |       |       |     1 |       ||     1
  Eat: Chunk             |     1 |     4 |     5 |    20 |     9 |     2 ||    41
       Bread ration      |       |     1 |       |       |     1 |       ||     2
       Royal jelly       |       |     1 |       |       |       |     1 ||     2
       Meat ration       |       |     1 |     1 |     2 |     7 |     3 ||    14
       Pizza             |       |       |       |     2 |     1 |       ||     3
       Fruit             |       |       |       |     1 |       |       ||     1
